 Dungeon Crawl Stone Soup version 0.22-a0-284-g99d1f7439c (webtiles) character file.

306 Infinimo the Caller (level 6, -2/41 HPs)
             Began as a Merfolk Summoner on Mar 20, 2018.
             Slain by an orc wizard
             ... wielding a +0 dagger
              (3 damage)
             ... on level 4 of the Dungeon.
             The game lasted 00:16:39 (7890 turns).

Infinimo the Caller (Merfolk Summoner)              Turns: 7890, Time: 00:16:40

Health: -2/41      AC:  2    Str:  5 (8)  XL:     6   Next: 39%
Magic:  0/9        EV: 13    Int: 20 (21) God:
Gold:   132        SH:  0    Dex: 14 (15) Spells: 6/9 levels left

rFire    . . .     SeeInvis .   (no weapon)
rCold    . . .     Gourm    .   (no shield)
rNeg     . . .     Faith    .   a - +0 robe
rPois    .         Spirit   .   (no helmet)
rElec    .         Reflect  .   (no cloak)
rCorr    .         Harm     .   (no gloves)
MR       .....                  (no boots)
Stlth    ++........             (no amulet)
HPRegen  0.13/turn              (no ring)
MPRegen  0.11/turn              (no ring)

@: brilliant
A: change form in water, swift swim, stealthy swim
a: no special abilities


You were on level 4 of the Dungeon.
You were not hungry.

You visited 1 branch of the dungeon, and saw 4 of its levels.

You collected 132 gold pieces.

Inventory:

Armour
 a - a +0 robe (worn)
Scrolls
 b - 3 scrolls of identify
 g - 2 scrolls of remove curse
Comestibles
 c - 3 rations


   Skills:
 - Level 2.6 Dodging
 - Level 2.1 Stealth
 + Level 2.2 Spellcasting
 + Level 7.4 Summonings


You had 6 spell levels left.
You knew the following spells:

 Your Spells              Type           Power        Failure   Level  Hunger
a - Summon Small Mammal   Summ           ####         1%          1    #......
b - Call Imp              Summ           #####...     1%          2    ##.....


Dungeon Overview and Level Annotations

Branches:
Dungeon (4/15)
 Temple: D:4-7

Altars:
Ashenzari
Wu Jian
Zin

Annotations:
D:3 Eustachio


Message History

Casting: Summon Small Mammal (safe; 1% risk of failure)
Confirm with . or Enter, or press ? or * to list all spells.
Nothing appears to happen.
You hear some strange, mumbled words.
A puff of frost appears from out of thin air!
The puff of frost hits you! Something hits you.
* * * LOW HITPOINT WARNING * * *
The phantom blinks!
Something hits you.
* * * LOW HITPOINT WARNING * * *
You feel clever all of a sudden. Something hits you.
* * * LOW HITPOINT WARNING * * *
Something hits you.
* * * LOW HITPOINT WARNING * * *
You hit something but do no damage. Something hits you.
* * * LOW HITPOINT WARNING * * *
Something hits you.
You die...

......#
#.##
###...
#..# #...
#..# #..#
#.r# ##.#
###.##
###oW..#
#@)####..#
#### ###


You could see a phantom and an orc wizard.

Vanquished Creatures
  A bullfrog (D:3)
  An orc (D:4)
2 creatures vanquished.

Vanquished Creatures (collateral kills)
  The ghost of Infinimo the Conjurer, an amateur TeWz (D:3)
  A howler monkey (D:3)
  2 orc priests (D:3)
  2 orc wizards (D:2)
  A worker ant (D:4)
  7 gnolls
  4 adders
  2 oozes
  A worm (D:3)
  2 dart slugs
  6 leopard geckos
  9 orcs
  8 bats
  6 giant cockroaches
  12 goblins
  8 hobgoblins
  7 jackals (D:2)
  9 kobolds
  A quokka (D:3)
  2 ball pythons
  8 frilled lizards
  7 rats
106 creatures vanquished.

Grand Total: 108 creatures vanquished

Notes
Turn   | Place    | Note
-------+----------+-------------------------------------------
     0 | D:1      | Infinimo the Merfolk Summoner began the quest for the Orb.
     0 | D:1      | Reached XP level 1. HP: 13/13 MP: 3/3
   280 | D:1      | Reached XP level 2. HP: 12/19 MP: 0/5
  1546 | D:1      | Learned a level 2 spell: Call Imp
  1602 | D:2      | Reached XP level 3. HP: 18/24 MP: 2/6
  1729 | D:2      | Reached skill level 5 in Summonings
  3062 | D:1      | Reached XP level 4. HP: 19/30 MP: 1/7
  3954 | D:3      | Noticed Infinimo's ghost (amateur TeWz)
  4187 | D:3      | Found an ornate altar of the Wu Jian Council.
  4188 | D:3      | Reached skill level 6 in Summonings
  4558 | D:2      | Reached XP level 5. HP: 23/35 MP: 1/8
  5046 | D:3      | Found a glowing silver altar of Zin.
  5104 | D:3      | Killed Infinimo's ghost
  5596 | D:3      | Reached skill level 7 in Summonings
  5596 | D:3      | Reached XP level 6. HP: 28/41 MP: 0/9
  5761 | D:3      | HP: 2/41 [orc priest/divine providence (11)]
  6286 | D:3      | Found a shattered altar of Ashenzari.
  7379 | D:4      | Noticed Eustachio
  7379 | D:4      | Noticed a phantom
  7890 | D:4      | HP: 1/41 [something (3)]
  7890 | D:4      | Slain by an orc wizard

Vault maps used:
D:1:      dpeg_arrival_shelter
D:2:      hangedman_decor_points, serial_bayou_pond_d, minmay_box_of_dots
D:3:      grunt_temple_overflow_open, ashenzari_altar_1
D:4:      grunt_temple_overflow_bloody_war, makhleb_grotto_becter,
          minmay_temple_entry_junction, first_ration, kennysheep_diamond,
          kennysheep_generic_room_7, uniq_eustachio, uniq_duvessa

Skill      XL: |  1  2  3  4  5 |
---------------+----------------+-----
Summonings     | 5 6 7 |  7.4
Dodging        | |  2.6
Stealth        | |  2.1
Spellcasting   | |  2.2

Action                   |  1- 3 |  4- 6 || total
-------------------------+-------+-------++-------
Melee: Unarmed           |     3 |    21 ||    24
 Cast: Summon Small Mamm |   173 |   100 ||   273
       Call Imp          |    11 |    92 ||   103
  Use: Potion            |       |    10 ||    10
       Scroll            |       |     4 ||     4
 Stab: Distracted        |       |     2 ||     2
  Eat: Chunk             |     8 |     6 ||    14
       Ration            |     1 |     5 ||     6
Armor: Robe              |    19 |    13 ||    32
Dodge: Dodged            |    66 |    84 ||   150

Table legend:
 A = Spawn XP
 B = Non-spawn XP
 C = Spawn XP percentage of total XP
 D = Spawn monster count
 E = Non-spawn monster count
 F = Spawn count percentage of total count
 G = Total turns spent on level
                    A         B        C        D         E        F      G
               +---------+---------+-------+---------+---------+-------+---------
         Total |       0 |     438 |   0.0 |       0 |     108 |   0.0 |  7890
               +---------+---------+-------+---------+---------+-------+---------
           D:1 |       0 |      57 |   0.0 |       0 |      29 |   0.0 |  2071
           D:2 |       0 |     107 |   0.0 |       0 |      40 |   0.0 |  3128
           D:3 |       0 |     255 |   0.0 |       0 |      37 |   0.0 |  2582
           D:4 |       0 |      19 |   0.0 |       0 |       2 |   0.0 |   109
               +---------+---------+-------+---------+---------+-------+---------
